Map: Lost and Found LE

Players

Namshar - Winner!

  • Race: Zerg Zerg
  • League: Master
  • Spawn Location: 1:00

Rail

  • Race: Protoss Protoss
  • League: Master
  • Spawn Location: 7:00

Event: HomeStory Cup XVIII

VOD

Have the link to the VOD?

Description

Time

  • Played on: Nov. 22, 2018, 11:58 a.m.
  • Length: 8:14

All games in this series

Show
View Real Time Build Order
Export as new Build Order

Namshar Zerg - Winner!

Build Orders: Hatch First, Roach Hydra 

Get SALT Encoding   

  12  0:00  Drone  
  13  0:12  Overlord  
  13  0:17  Drone  
  14  0:30  Drone x2  
  16  0:36  Drone  
  17  0:50  Hatchery  
  17  0:54  Drone  
  17  0:56  Drone  
  18  1:08  Extractor  
  17  1:11  Spawning Pool  
  17  1:14  Drone  
  17  1:18  Drone  
  18  1:27  Drone  
  19  1:38  Drone  
  20  1:49  Overlord  
  20  1:58  Queen  
  22  2:02  Queen  
  22  2:03  Drone, Zergling x2  
  26  2:11  Drone  
  26  2:13  Drone  
  28  2:21  Drone  
  29  2:24  Drone  
  30  2:32  Hatchery  
  30  2:34  Drone  
  30  2:37  Drone  
  30  2:41  Queen  
  33  2:45  Overlord  
  33  2:47  Drone  
  34  2:56  Drone  
  34  2:57  Overlord  
  35  3:04  Drone  
  36  3:08  Drone x3  
  36  3:10  Drone x3, Lair  
  42  3:14  Drone  
  43  3:20  Drone x2  
  43  3:22  Roach Warren  
  43  3:25  Extractor  
  43  3:26  Extractor  
  42  3:31  Overlord, Drone  
  43  3:41  Evolution Chamber  
  42  3:43  Drone x4  
  42  3:47  Overlord  
  42  3:48  Drone  
  47  3:51  Drone x3  
  47  3:54  Drone  
  47  3:55  Drone  
  52  4:06  Zerg Missile Weapons Level 1  
  52  4:09  Drone  
  53  4:10  Extractor, Glial Reconstitution  
  53  4:11  Drone  
  53  4:13  Drone  
  53  4:16  Drone x2  
  56  4:18  Drone x2  
  56  4:19  Drone  
  56  4:20  Metabolic Boost  
  56  4:23  Drone x3  
  62  4:25  Drone  
  62  4:26  Drone  
  62  4:28  Drone x2  
  66  4:34  Drone  
  66  4:35  Drone x2  
  66  4:36  Drone, Hydralisk Den  
  69  4:39  Overseer  
  69  4:43  Queen  
  69  4:44  Extractor x2  
  69  4:45  Overlord  
  69  4:50  Drone  
  69  4:51  Drone x3  
  69  4:52  Drone  
  74  5:00  Hatchery  
  74  5:05  Drone x3  
  76  5:07  Drone  
  76  5:08  Grooved Spines  
  76  5:12  Lurker Den  
  76  5:20  Queen  
  78  5:25  Overlord x3  
  78  5:27  Drone x4  
  82  5:37  Overlord  
  82  5:42  Queen  
  82  5:44  Extractor  
  82  5:45  Drone x4  
  82  5:47  Overlord  
  87  5:55  Overlord  
  87  6:05  Overlord  
  87  6:06  Overlord x2  
  87  6:07  Hydralisk x8  
  103  6:17  Hydralisk x3  
  111  6:19  Muscular Augments  
  111  6:26  Hydralisk x4  
  111  6:27  Hydralisk  
  121  6:34  Roach  
  121  6:35  Roach x4  
  121  6:39  Overlord  
  131  6:41  Roach x2  
  131  6:42  Roach x3  
  131  6:45  Roach x2  
  143  6:54  Roach  
  143  6:55  Roach x6  
  143  7:00  Overlord x3  
  159  7:08  Roach x3  
  159  7:09  Roach x2  
  159  7:10  Ravager x2  
  159  7:11  Ravager  
  163  7:23  Hydralisk  
  163  7:24  Hydralisk x3  
  163  7:26  Roach x2  
  163  7:27  Roach x3  
  173  7:33  Roach x6  
  177  7:44  Hydralisk x6  
  169  7:50  Hydralisk x2, Zergling x2  
  179  7:57  Zergling x2  
Show
View Real Time Build Order
Export as new Build Order

Rail Protoss 

Build Orders: Nexus First, Zealot Archon 

Get SALT Encoding   

  12  0:00  Probe  
  13  0:12  Probe  
  14  0:18  Pylon  
  14  0:24  Probe  
  15  0:33  Probe  
  15  0:41  Probe  
  17  0:51  Probe  
  18  1:02  Nexus  
  18  1:11  Gateway  
  18  1:14  Probe  
  19  1:21  Assimilator  
  19  1:26  Probe, Assimilator  
  20  1:33  Pylon  
  20  1:38  Probe  
  21  1:47  Gateway  
  21  1:48  Probe  
  22  1:56  Probe  
  22  1:58  Cybernetics Core  
  23  2:04  Probe  
  23  2:09  Zealot  
  23  2:12  Probe  
  23  2:13  Probe  
  26  2:20  Probe  
  26  2:21  Probe  
  30  2:30  Probe  
  30  2:31  Probe  
  30  2:35  Sentry, Warp Gate  
  34  2:42  Probe  
  34  2:43  Probe  
  36  2:47  Robotics Facility  
  36  2:54  Probe  
  36  2:57  Pylon  
  36  2:58  Sentry, Probe  
  40  3:02  Probe  
  40  3:08  Probe  
  40  3:10  Probe  
  42  3:16  Probe  
  43  3:20  Probe  
  43  3:21  Pylon  
  43  3:24  Probe  
  43  3:25  Forge  
  45  3:28  Assimilator  
  45  3:31  Assimilator  
  45  3:32  Probe  
  47  3:37  Probe  
  47  3:38  Immortal  
  52  3:44  Probe  
  52  3:45  Twilight Council  
  53  3:49  Probe  
  54  3:57  Probe  
  54  3:58  Pylon  
  54  4:01  Probe  
  56  4:05  Protoss Ground Weapons Level 1  
  56  4:09  Probe  
  57  4:10  Nexus  
  57  4:13  Probe  
  57  4:16  Shield Battery  
  58  4:20  Observer  
  58  4:22  Pylon  
  58  4:23  Charge  
  59  4:29  Probe  
  59  4:30  Probe  
  61  4:37  Pylon  
  61  4:41  Probe  
  61  4:42  Gateway, Probe  
  61  4:43  Gateway  
  63  4:49  Immortal  
  67  4:55  Probe  
  67  4:56  Probe, Templar Archives  
  69  5:04  Gateway, Probe  
  69  5:07  Gateway, Probe  
  69  5:12  Probe  
  71  5:16  Pylon, Probe  
  73  5:22  Probe x2  
  75  5:28  Probe  
  75  5:29  Assimilator  
  75  5:30  Probe  
  75  5:34  Probe, Assimilator  
  78  5:37  Immortal  
  78  5:40  Probe x2  
  83  5:43  Pylon  
  83  5:46  Probe  
  85  5:52  Gateway  
  85  5:55  Gateway x2  
  85  6:00  Probe  
  85  6:03  Pylon  
  86  6:04  Gateway  
  86  6:06  Warp Prism  
  86  6:07  High Templar x2  
  86  6:10  High Templar x2  
  94  6:13  Archon  
  94  6:15  Probe, Archon  
  94  6:17  Pylon  
  97  6:22  High Templar x2  
  97  6:23  Pylon  
  97  6:24  Photon Cannon  
  97  6:25  Pylon  
  101  6:27  Archon  
  101  6:40  Pylon  
  101  6:42  High Templar, Observer  
  101  6:43  Zealot x2, High Templar  
  101  6:47  Nexus  
  110  6:48  Zealot  
  110  6:49  Archon  
  110  6:54  Zealot x3  
  116  6:55  Zealot  
  120  7:02  Photon Cannon  
  120  7:03  Shield Battery  
  120  7:10  High Templar  
  120  7:11  High Templar, Zealot x2  
  120  7:15  Archon  
  128  7:17  Robotics Facility  
  128  7:19  Zealot, Sentry  
  128  7:20  Zealot  
  128  7:21  Zealot x2  
  106  7:46  Zealot x6  
  106  7:49  Zealot  
  106  7:50  Zealot x4  
Tags
 
Add a new tag
Caveats
  • Supply blocks, unpowered buildings, or Contaminate may cause inaccurate times.
  • Supply counts are checked every 10 seconds.